 Dungeon Crawl Stone Soup version 0.30-a0-585-g93115170b9 (webtiles) character file.

Game seed: 3989021190343172246

74 Ijustatesigmund the Firebug (level 4, -1/33 HPs)
             Began as a Barachi Fire Elementalist on Jan 2, 2023.
             Slain by Crazy Yiuf
             ... wielding a +4 quarterstaff of chaos
              (12 damage)
             ... on level 3 of the Dungeon.
             The game lasted 00:05:47 (3378 turns).

Ijustatesigmund the Firebug (BaFE)                  Turns: 3378, Time: 00:05:47

Health: -1/33      AC:  5    Str: 11    XL:     4   Next: 28%
Magic:  3/7        EV: 11    Int: 15    God:
Gold:   144        SH:  0    Dex: 13    Spells: 4/7 levels left

rFire   . . .      SeeInvis .    j - +4 dagger (freeze)
rCold   . . .      Faith    .    (no shield)
rNeg    . . .      Spirit   .    b - +0 leather armour
rPois   .          Reflect  .    (no helmet)
rElec   .          Harm     .    n - +0 cloak
rCorr   .          Rampage  .    (no gloves)
Will    .....                    g - +0 pair of boots
Stlth   ++                       (no amulet)
HPRegen 0.25/turn                (no ring)
MPRegen 0.10/turn                (no ring)

@: slow
A: amphibious, slowness 1, strong legs 1, +LOS
a: Hop


You were on level 3 of the Dungeon.
You visited 1 branch of the dungeon, and saw 3 of its levels.

You collected 144 gold pieces.

Inventory:

Hand Weapons
 c - a +1 short sword
 j - a +4 dagger of freezing (weapon)
Armour
 b - a +0 leather armour (worn)
 g - a +0 pair of boots (worn)
 n - a +0 cloak (worn)
Scrolls
 e - 3 scrolls of noise
 f - a scroll of magic mapping
Potions
 h - a potion of lignification
 k - a potion of haste
 l - 3 potions of might {unknown}
 m - a potion of curing {unknown}


   Skills:
 + Level 2.2 Fighting
 + Level 0.6 Armour
 - Level 2.1 Dodging
 - Level 1.7 Stealth
 - Level 2.4 Spellcasting
 + Level 2.4 Conjurations
 + Level 4.0 Fire Magic


You had 4 spell levels left.
You knew the following spells:

 Your Spells              Type           Power      Damage    Failure   Level
a - Foxfire               Conj/Fire      44%        2x1d6     8%          1
b - Scorch                Fire           28%        2d6       8%          2

Your spell library contained the following spells:

 Spells                   Type           Power      Damage    Failure   Level
 Magic Dart               Conj           36%        1d4       11%         1
 Searing Ray              Conj           18%        2d5       16%         2
 Apportation              Tloc           2%         N/A       28%         1
 Necrotise                Necr           4%         1d4       28%         1
 Summon Small Mammal      Summ           4%         N/A       28%         1
 Inner Flame              Hex/Fire       7%         N/A       36%         3
 Kindle Blastsparks       Fire/Tloc/Air  10%        2d10      43%         3
 Flame Wave               Conj/Fire      11%        2d6       58%         4
 Portal Projectile        Hex/Tloc       2%         N/A       63%         3
 Tukima's Dance           Hex            1%         N/A       63%         3
 Fulminant Prism          Conj/Hex       2%         3d5       86%         4
 Blade Hands              Tmut           0%         N/A       100%        5


Dungeon Overview and Level Annotations

Branches:
Dungeon (3/15)

Altars:
Dithmenos
Sif Muna
Yredelemnul

Annotations:
D:3 Crazy Yiuf


Innate Abilities, Weirdness & Mutations

You are amphibious.
You cover ground slowly.
You can hop short distances.
You have an extended range of vision and can be seen from far away.


Message History

Confirm with . or Enter, or press ? or * to list all spells.
You conjure some foxfire!
The quokka closely misses you.
The foxfire hits the quokka.
The quokka is severely wounded.
The quokka bites you.
Casting: Foxfire (safe; 8% risk of failure)
Confirm with . or Enter, or press ? or * to list all spells.
You conjure some foxfire!
The quokka closely misses you.
The foxfire hits the quokka.
You kill the quokka!
Your foxfire dissipates!
You see here a quokka corpse.
There is a stone staircase leading up here.
There is an open door here.
You open the door.
There is an open door here.
You open the door.
There is an open door here.
There is an open door here.
Found 16 gold pieces.
Things that are here:
a +0 club; 3 stones You see here 2 gold pieces.
Crazy Yiuf shouts!
You open the door.
Casting: Foxfire (safe; 8% risk of failure)
Confirm with . or Enter, or press ? or * to list all spells.
Flames lash Crazy Yiuf.
Crazy Yiuf is heavily wounded.
Crazy Yiuf's fire resistance burns away.
Crazy Yiuf hits you with a +4 quarterstaff of chaos!
Crazy Yiuf barely misses you.
Casting: Scorch (safe; 8% risk of failure)
Confirm with . or Enter, or press ? or * to list all spells.
Flames lash Crazy Yiuf.
Crazy Yiuf is burned terribly!
Crazy Yiuf is severely wounded.
Crazy Yiuf hits you with a +4 quarterstaff of chaos.
Crazy Yiuf freezes you.
Crazy Yiuf hits you with a +4 quarterstaff of chaos!
You die...

#.# #.#.#.# #....###
#..####... #.# #.#.#.#
#....# #..# #.## +.#
#<#.#.# ♣....♣ #..# #.#
######.#.#.# ♣...♣♣
###..####'##
.......#.#.# ♣♣.♣♣
#..........#
#####..#.#.# ♣.♣♣
###........#
...##..#.#.# ♣♣.♣
#..........#
##.##..#.#.# ♣.♣♣
###........# #.##..#.#.#
♣♣@♣ #.'........#
#.##.)#.#.# #g#
###........#
##.....#.#.# ...
###.#####.##
...........# #...#
#......##.# ...........#
#..)# #......##.##
...<.<.....# #####
#......##...
...........#
#.......#...
...........#
#######.#...
...........#############
#.#...


You could see Crazy Yiuf (combustible).

Vanquished Creatures
  2 adders (D:2)
  A dart slug (D:3)
  6 ball pythons
  7 bats
  4 endoplasms
  A giant cockroach (D:1)
  4 goblins
  6 hobgoblins
  4 quokkas
  3 frilled lizards
  6 kobolds
  7 rats
51 creatures vanquished.

Vanquished Creatures (others)
  121 foxfires
121 creatures vanquished.

Grand Total: 172 creatures vanquished

Notes
Turn   | Place    | Note
-------+----------+-------------------------------------------
     0 | D:1      | Ijustatesigmund the Barachi Fire Elementalist began the
                  | quest for the Orb.
     0 | D:1      | Reached XP level 1. HP: 13/13 MP: 3/3
   311 | D:1      | Reached XP level 2. HP: 2/20 MP: 0/5
   549 | D:1      | Learned a level 2 spell: Scorch
   644 | D:1      | Reached skill level 1 in Fighting
  1365 | D:2      | Reached XP level 3. HP: 26/26 MP: 4/6
  1809 | D:2      | Found a basalt altar of Yredelemnul.
  2057 | D:2      | Reached skill level 4 in Fire Magic
  2159 | D:3      | Reached XP level 4. HP: 33/33 MP: 4/7
  2400 | D:3      | Found a shadowy altar of Dithmenos.
  2604 | D:3      | Found a shimmering blue altar of Sif Muna.
  2948 | D:3      | Found a runed translucent door.
  2949 | D:3      | Noticed Crazy Yiuf
  3378 | D:3      | Slain by Crazy Yiuf

Illustrated notes

Levels and vault maps discovered:
D:1:      lightli_arrival_boilingwater, layout_basic
D:2:      layout_basic, basic_altar
D:3:      layout_basic, nicolae_dithmenos_shadow_blocks, led_sif_book,
          uniq_crazy_yiuf_cottage

Skill      XL: |  1  2  3 |
---------------+----------+-----
Fighting       | 1 2 |  2.2
Conjurations   | 2 |  2.4
Fire Magic     | 4 |  4.0
Armour         | |  0.6
Dodging        | |  2.1
Stealth        | |  1.7
Spellcasting   | |  2.4

Action                   |  1- 3 |  4- 6 || total
-------------------------+-------+-------++-------
Melee: Dagger            |     7 |    10 ||    17
       Short sword       |     7 |       ||     7
 Cast: Foxfire           |    60 |    17 ||    77
       Scorch            |       |     2 ||     2
 Abil: Hop               |     2 |       ||     2
  Use: Scroll            |     5 |     3 ||     8
 Stab: Sleeping          |     1 |       ||     1
Armor: Robe              |    11 |       ||    11
       Leather armour    |       |     4 ||     4
Dodge: Dodged            |    35 |     8 ||    43

Table legend: (Time is in decaauts)
 A = Elapsed time spent in this place.
 B = Non-inter-level travel time spent in this place.
 C = Inter-level travel time spent in this place.
 D = Time resting spent in this place.
 E = Time spent auto-exploring this place.
 F = Levels seen in this place.
 G = Mean time per level.
                   A        B        C        D        E       F      G
               +--------+--------+--------+--------+--------+-----+--------+
         Total |   3840 |   3789 |     51 |    158 |   3165 |   3 | 1280.0 |
       Dungeon |   3840 |   3789 |     51 |    158 |   3165 |   3 | 1280.0 |
               +--------+--------+--------+--------+--------+-----+--------+

Top non-repeatable levels by time:
     D:1: 1510 daAuts
     D:3: 1417 daAuts
     D:2: 912 daAuts
